 Dungeon Crawl Stone Soup version 0.19-a0-854-gc78d25d (webtiles) character file.

1914 Implojin the Cleaver (level 8, -14/111 HPs)
             Began as a Minotaur Berserker on July 1, 2016.
             Was a Believer of Trog.
             Killed from afar by Fannar (23 damage)
             ... with a bolt of cold
             ... on level 11 of the Dungeon.
             The game lasted 00:06:41 (1090 turns).

Implojin the Cleaver (Minotaur Berserker)           Turns: 1090, Time: 00:06:42

Health: -14/111    AC:  9    Str: 28    XL:     8   Next: 95%
Magic:  7/7        EV:  8    Int:  4    God:    Trog [**....]
Gold:   0          SH:  3    Dex: 11    Spells: 0 memorised, 7 levels left

rFire  . . .     SeeInvis .     y - +0 war axe
rCold  . . .     Gourm    .     B - +0 chain mail
rNeg   . . .     Faith    .     i - +0 buckler
rPois  .         Spirit   .     (helmet restricted)
rElec  .         Dismiss  .     (no cloak)
rCorr  .         Reflect  .     w - +0 pair of gloves
SustAt .         Harm     .     (no boots)
MR     .....                    v - amulet of regeneration
Stlth  ..........               p - ring of flight
                                n - ring of wizardry

@: berserking, very quick, not resistant to hostile enchantments, extremely
unstealthy
A: retaliatory headbutt, horns 2
a: Berserk, Trog's Hand, Burn Spellbooks, Renounce Religion, Evoke Flight


You were on level 11 of the Dungeon.
You worshipped Trog.
Trog was pleased with you.
You were not hungry.

You visited 1 branch of the dungeon, and saw 11 of its levels.

Inventory:

Hand Weapons
 a - a +0 hand axe
 y - a +0 war axe (weapon)
 C - a +0 blowgun
Missiles
 o - 5 javelins (quivered)
Armour
 b - a +0 animal skin
 e - a +0 ring mail
 i - a +0 buckler (worn)
 r - a +0 scale mail
 w - a +0 pair of gloves (worn)
 B - a +0 chain mail (worn)
Jewellery
 n - a ring of wizardry (left hand)
 p - a ring of flight (right hand)
 v - an amulet of regeneration (around neck)
Wands
 t - a wand of paralysis (9/24)
 u - a wand of polymorph (13/24)
Scrolls
 d - a scroll of fear {unknown}
 g - a scroll of remove curse
 j - a scroll of magic mapping {unknown}
 k - a scroll of enchant armour {unknown}
 l - a scroll of recharging {unknown}
 z - a scroll of noise {unknown}
Potions
 m - 2 potions of might
 s - 2 potions of haste
 x - a potion of lignification
 A - a potion of brilliance {unknown}
Comestibles
 c - 3 bread rations
 f - a meat ration
 h - 9 slices of pizza
 q - 2 chunks of flesh


   Skills:
 * Level 8.2 Fighting
 - Level 12.1 Axes
 - Level 2.4 Armour
 - Level 2.1 Dodging


You had 7 spell levels left.
You didn't know any spells.

Dungeon Overview and Level Annotations

Branches:
Dungeon (11/15)
 Temple: D:4-7         Lair: D:8-11         Orc: D:9-12

Altars:
Sif Muna

Shops:
D:11 ?

Annotations:
D:11 Fannar


Innate Abilities, Weirdness & Mutations

You reflexively headbutt those who attack you in melee.
You have a pair of horns on your head.


Message History

* * * LOW HITPOINT WARNING * * *
Some snowflakes condense on Fannar.
Fannar hits you with a quarterstaff of freezing.
* * * LOW HITPOINT WARNING * * *
Fannar freezes you.
* * * LOW HITPOINT WARNING * * *
You slice Fannar!! Your headbutt misses Fannar.
Fannar is moderately wounded.
You hit the ice beast. You slash the ice beast!
You kill the ice beast!
You slash the wyvern skeleton! The wyvern skeleton barely misses you.
You furiously retaliate!
You headbutt the wyvern skeleton!!
You destroy the wyvern skeleton!
The ice beast hits you but does no damage.
Unknown command.
You slash Fannar!
Fannar is heavily wounded.
You hit the ice beast. Fannar hits you but does no damage.
Unknown command.
You slash Fannar!
Fannar is heavily wounded.
You slash the ice beast! The ice beast hits you.
* * * LOW HITPOINT WARNING * * *
The ice beast freezes you!
* * * LOW HITPOINT WARNING * * *
Your shield and chain mail prevent you from hitting Fannar.
Fannar is heavily wounded.
You slash the ice beast!
Fannar points at you and mumbles some strange words.
The bolt of cold hits you!
* * * LOW HITPOINT WARNING * * *
You block the ice beast's attack.
Unknown command.
You slice Fannar!! Your headbutt misses Fannar.
Fannar is severely wounded.
You slash the ice beast!
You kill the ice beast!
Fannar gestures at you while chanting. The bolt of cold hits you!
You die...

#...#..........#
#...#..........#
#...'..........#
#...#..........#
#...#......##..#
#..##......##..#
#..##..........#
...............#
+........@......#
#........e...$..#
#+###..........#
#...∩......#
+..........#
#..........#
#..........#
#...?......#


You could see Fannar.

Vanquished Creatures
  A hill giant (D:11)
  An ugly thing (D:6)
  A human (D:8)
  An orc warrior (D:9)
  A black bear (D:6)
  An ogre (D:9)
  2 giant frogs
  A wyvern skeleton (D:11)
  A scorpion (D:11)
  A giant frog zombie (D:11)
  A giant frog skeleton (D:4)
  4 hounds
  A centaur skeleton (D:6)
  An iguana (D:11)
  3 worker ants
  A hound skeleton (D:7)
  A howler monkey zombie (D:10)
  3 adders
  A shadow imp (D:6)
  An ooze (D:6)
  An adder skeleton (D:5)
  A giant gecko (D:2)
  3 orcs
  3 giant cockroaches
  2 goblins (D:1)
  2 hobgoblins
  A kobold (D:3)
  A quokka (D:2)
  A bat (D:2)
  2 rats
45 creatures vanquished.

Notes
Turn   | Place    | Note
-------+----------+-------------------------------------------
     0 | D:1      | Implojin the Minotaur Berserker began the quest for the Orb.
     0 | D:1      | Reached XP level 1. HP: 19/19 MP: 0/0
    10 | D:1      | Reached skill level 4 in Axes
    73 | D:2      | Reached XP level 2. HP: 17/26 MP: 1/1
   258 | D:4      | Reached skill level 5 in Axes
   258 | D:4      | Reached XP level 3. HP: 31/31 MP: 2/2
   262 | D:5      | Entered Level 5 of the Dungeon
   312 | D:5      | Reached skill level 6 in Axes
   312 | D:5      | Reached XP level 4. HP: 24/39 MP: 3/3
   316 | D:5      | Found a deep blue altar of Sif Muna.
   408 | D:6      | Noticed a red ugly thing
   420 | D:6      | Killed a red ugly thing
   420 | D:6      | Reached skill level 9 in Axes
   420 | D:6      | Reached XP level 5. HP: 15/45 MP: 4/4
   420 | D:6      | Reached XP level 6. HP: 17/51 MP: 5/5
   473 | D:6      | Reached XP level 7. HP: 37/57 MP: 6/6
   473 | D:6      | Reached ** piety under Trog
   477 | D:6      | Reached skill level 10 in Axes
   609 | D:8      | Noticed a human
   686 | D:8      | Killed a human
   801 | D:9      | Reached skill level 11 in Axes
   892 | D:9      | Reached XP level 8. HP: 61/64 MP: 7/7
   960 | D:10     | Entered Level 10 of the Dungeon
   986 | D:11     | Reached skill level 12 in Axes
   990 | D:11     | Noticed a hill giant
   997 | D:11     | Killed a hill giant
   997 | D:11     | Reached skill level 7 in Fighting
  1076 | D:11     | Found Petify's Magic Scroll Shoppe.
  1078 | D:11     | Noticed Fannar
  1081 | D:11     | Reached skill level 8 in Fighting
  1090 | D:11     | Killed from afar by Fannar

Vault maps used:
D:1:      shiori_shiawase
D:2:      uniq_sigmund
D:3:      trog_eyes_of_draining, ecumenical_altar_1, moated_statue,
          minmay_snake_closets
D:4:      minmay_rat_hole
D:5:      grunt_temple_overflow_diamond, first_bread, led_sif_pool
D:6:      kennysheep_kobold_camp, dk_noncrumbling_4
D:7:      lemuel_bear_cage, uniq_pikel
D:8:      lair_0_dummy, grunt_pizzeria, uniq_erica, uniq_prince_ribbit1
D:9:      okawaru_altar_gauntlet_db, uniq_grum
D:10:     uniq_maurice
D:11:     serial_shops, shop, uniq_fannar, uniq_sonja

Skill      XL: |  1  2  3  4  5  6  7  8 |
---------------+-------------------------+-----
Axes           | 4 5 6 9 11 12 | 12.1
Fighting       | 8 |  8.2
Armour         | |  2.4
Dodging        | |  2.1

Action                   |  1- 3 |  4- 6 |  7- 9 || total
-------------------------+-------+-------+-------++-------
Melee: Hand axe          |    39 |    15 |    40 ||    94
       Headbutt          |     3 |     7 |    20 ||    30
       War axe           |       |       |    47 ||    47
Invok: Berserk           |       |     2 |     6 ||     8
       Burn Spellbooks   |       |       |     1 ||     1
  Use: Scroll            |       |       |     4 ||     4
  Eat: Chunk             |       |       |     8 ||     8
Armor: Ring mail         |     9 |     4 |     1 ||    14
       Scale mail        |       |       |    15 ||    15
       Chain mail        |       |       |    11 ||    11
Dodge: Dodged            |    24 |     3 |    25 ||    52
Block: Buckler           |     3 |       |    11 ||    14

Table legend:
 A = Turns spent in this place as a percentage of turns spent in the entire game.
 B = Non-inter-level travel turns spent in this place as a percentage of non-inter-level travel turns spent in the entire game.
 C = Inter-level travel turns spent in this place as a percentage of turns spent in this place.
 D = Turns resting spent in this place as a percentage of non-inter-level travel turns spent in this place.
 E = Turns spent auto-exploring this place as a percentage of non-inter-level travel turns spent in this place.
 F = Non-inter-level travel turns spent in this place divided by the number of levels of this place that you've seen.
                   A       B       C       D       E      F
               +-------+-------+-------+-------+-------+----------------------
         Total | 100.0 | 100.0 |   0.0 |   0.7 |   0.1 |  94.5
       Dungeon | 100.0 | 100.0 |   0.0 |   0.7 |   0.1 |  94.5
               +-------+-------+-------+-------+-------+----------------------

Table legend:
 A = Kills in this place as a percentage of kills in entire the game.
 B = Kills by you in this place as a percentage of kills by you in the entire game.
 C = Kills by friends in this place as a percentage of kills by friends in the entire game.
 D = Other kills in this place as a percentage of other kills in the entire game.
 E = Experience gained in this place as a percentage of experience gained in the entire game.
 F = Experience gained in this place divided by the number of levels of this place that you have seen.
                   A       B       C       D       E      F
               +-------+-------+-------+-------+-------+----------------------
         Total | 100.0 | 100.0 |  -nan |  -nan | 100.0 | 248.6
       Dungeon | 100.0 | 100.0 |  -nan |  -nan | 100.0 | 248.6
               +-------+-------+-------+-------+-------+----------------------
